 Dungeon Crawl Stone Soup version 0.29-a0-1009-g60c99734e7 (webtiles) character file.

Game seed: 11680440971291051776

58741 ragingrage the Warrior (level 14, 0/110 HPs)
             Began as a Demonspawn Chaos Knight on Aug 8, 2022.
             Was a Plaything of Xom.
             Slain by Donald
             ... wielding a +0 double sword
              (37 damage)
             ... on level 2 of the Orcish Mines.
             The game lasted 00:33:29 (14397 turns).

ragingrage the Warrior (Demonspawn Chaos Knight)   Turns: 14397, Time: 00:33:30

Health: 0/110      AC: 18    Str: 22    XL:     14   Next: 50%
Magic:  14/14      EV: 13    Int: 18    God:    Xom [*.....]
Gold:   2949       SH:  0    Dex: 17    Spells: 13/13 levels left

rFire   . . .      SeeInvis +   a - +4 trident of Chaos {vorpal, Fly rElec Dex+4}
rCold   . . .      Faith    .   (no shield)
rNeg    + . .      Spirit   .   y - +4 ring mail {rN+}
rPois   .          Reflect  .   (helmet unavailable)
rElec   +          Harm     .   q - +2 cloak of Omission {Regen+ rCorr Int+3 Stlth-}
rCorr   +          Rampage  .   g - +0 pair of gloves
Will    +....                   (no boots)
Stlth   ..........              f - amulet of regeneration
HPRegen 3.88/turn               j - +4 ring of slaying
MPRegen 0.14/turn               o - +6 ring of strength

@: flying
A: antennae 3, slimy green scales 2, powered by death 3, powered by pain 1,
claws 1, deterioration 1, frail 1, mutation resistance 2, MP-powered wands
a: Renounce Religion


You were on level 2 of the Orcish Mines.
You worshipped Xom.
You were a special plaything of Xom.
You visited 3 branches of the dungeon, and saw 19 of its levels.
You also visited: Sewer and Gauntlet.

You collected 3464 gold pieces.
You spent 515 gold pieces at shops.

Inventory:

Hand Weapons
 a - the +4 trident of Chaos (weapon) {vorpal, Fly rElec Dex+4}
   (You found it on level 4 of the Dungeon)

   It inflicts extra damage upon your enemies.
   Dex:       It affects your dexterity (+4).
   rElec:     It insulates you from electricity.
   Fly:       It grants you flight.
 B - a +0 hand axe of flaming
Missiles
 A - 4 curare-tipped darts
 D - 24 poisoned darts (quivered)
 P - 6 javelins
Armour
 g - a +0 pair of gloves (worn)
 q - the +2 cloak of Omission (worn) {Regen+ rCorr Int+3 Stlth-}
   (You acquired it on level 1 of the Lair of Beasts)

   Int:       It affects your intelligence (+3).
   Regen:     It increases your rate of health regeneration.
   rCorr:     It protects you from acid and corrosion.
   Stlth:     It makes you less stealthy.
 y - a +4 ring mail of positive energy (worn)
Jewellery
 f - an amulet of regeneration (around neck)
 j - a +4 ring of slaying (left hand)
 o - a +6 ring of strength (right hand)
 K - a ring of fire
Wands
 b - a wand of paralysis (17)
 e - a wand of acid (3)
 z - a wand of iceblast (3)
 G - a wand of mindburst (7)
 H - a wand of flame (20)
 N - a wand of digging (3)
 T - a wand of polymorph (5)
Scrolls
 d - 3 scrolls of enchant weapon
 h - 3 scrolls of noise
 i - 13 scrolls of teleportation
 l - 3 scrolls of blinking
 m - 7 scrolls of poison
 n - 2 scrolls of fear
 r - 4 scrolls of enchant armour
 t - 2 scrolls of fog
 w - 2 scrolls of brand weapon
 C - 3 scrolls of amnesia
 E - 2 scrolls of immolation
 Q - a scroll of magic mapping
Potions
 k - a potion of invisibility {unknown}
 p - 5 potions of curing
 s - 5 potions of haste
 u - 2 potions of flight
 v - 4 potions of brilliance
 x - a potion of cancellation {unknown}
 F - 3 potions of mutation
 I - a potion of degeneration
 J - 3 potions of berserk rage
 M - 7 potions of heal wounds
 O - 2 potions of might {unknown}
 S - a potion of resistance {unknown}
Miscellaneous
 c - a piece from Xom's chessboard (15/15)
 R - a tin of tremorstones (inert)


   Skills:
 + Level 15.0 Fighting
 + Level 14.6 Polearms
 - Level 6.0 Throwing
 + Level 9.0 Armour
 + Level 4.0 Dodging
 + Level 9.0 Evocations


You had 13 spell levels left.
You didn't know any spells.
Your spell library contained the following spells:

 Spells                   Type           Power      Damage    Failure   Level
 Apportation              Tloc           0%         N/A       32%         1
 Shock                    Conj/Air       0%         1d3       32%         1
 Summon Small Mammal      Summ           0%         N/A       32%         1
 Ensorcelled Hibernation  Hex/Ice        0%         N/A       43%         2
 Static Discharge         Conj/Air       0%         3-3/arc   43%         2
 Call Canine Familiar     Summ           0%         N/A       67%         3
 Dazzling Flash           Conj/Hex       0%         N/A       67%         3
 Ozocubu's Armour         Ice            0%         N/A       67%         3
 Spider Form              Tmut/Pois      0%         N/A       67%         3
 Summon Guardian Golem    Hex/Summ       0%         N/A       67%         3
 Swiftness                Air            0%         N/A       67%         3
 Airstrike                Air            0%         2d(0-16)  97%         4
 Anguish                  Hex/Necr       0%         N/A       97%         4
 Iskenderun's Mystic Bla  Conj/Tloc      0%         2d3       97%         4
 Leda's Liquefaction      Hex/Erth       0%         N/A       97%         4
 Petrify                  Tmut/Erth      0%         N/A       97%         4
 Alistair's Intoxication  Tmut/Pois      0%         N/A       100%        5
 Blade Hands              Tmut           0%         N/A       100%        5
 Irradiate                Conj/Tmut      0%         3d11      100%        5
 Lee's Rapid Deconstruct  Erth           0%         3d5*      100%        5
 Lightning Bolt           Conj/Air       0%         1d11      100%        5
 Metabolic Englaciation   Hex/Ice        0%         N/A       100%        5
 Starburst                Conj/Fire      0%         6d3       100%        6
 Statue Form              Tmut/Erth      0%         N/A       100%        6
 Dragon Form              Tmut           0%         N/A       100%        7
 Ozocubu's Refrigeration  Ice            0%         4d7       100%        7
 Maxwell's Capacitive Co  Air            0%         ∞         100%        8


Dungeon Overview and Level Annotations

Branches:
Dungeon (12/15)            Temple (0/1) D:7            Lair (5/5) D:9
  Swamp (0/4) Lair:3        Snake (0/4) Lair:3        Slime (0/5) Lair:4
    Orc (2/2) D:11            Elf (0/3) Orc:2         Sewer (visited)
Gauntlet (visited)

Altars:
Fedhas
Gozag
Kikubaaqudgha
Nemelex Xobeh
Ru
Vehumet
Xom
Yredelemnul
Jiyva

Shops:
D:7 *   D:8 *   D:9 :   D:11 *

Annotations:
D:11 3 runed translucent doors, exclusion: obsidian statue, Valamore's ghost, journeyman DjFE
D:12 Rupert
Orc:1 1 runed translucent door
Orc:2 Donald


Innate Abilities, Weirdness & Mutations

You have a pair of large antennae on your head. (SInv)
You are mostly covered in slimy green scales. (AC +3)
You regenerate a lot of health from kills.
You sometimes gain a little power by taking damage.
You have sharp fingernails.
Your body sometimes deteriorates upon taking damage.
You are frail. (-10% HP)
You are somewhat resistant to both further mutation and mutation removal.
You expend magic power (3 MP) to strengthen your wands.


Message History

The iceblast engulfs the orc priest!!
You kill the orc priest!
You hear a shout!
Donald says, "I don't get Xom."
Reach: a) +4 trident of Chaos {vorpal, Fly rElec Dex+4}
Press: ? - help, Dir - move target, f/p - Donald
Aim: Donald, wielding a +0 double sword, wearing a +0 plate armour and wearing a +0 kite shield of reflection (almost dead, fast, reflecting blocked projectiles, about 15% to evade the +4 trident of Chaos)
You reach to attack!
Donald blocks your attack.
Donald is almost dead.
Xom decides to shift things around a little.
Donald blinks!
The orc priest blinks!
Reach: a) +4 trident of Chaos {vorpal, Fly rElec Dex+4}
Press: ? - help, Dir - move target, f/p - Donald
Aim: Donald, wielding a +0 double sword, wearing a +0 plate armour and wearing a +0 kite shield of reflection (almost dead, fast, reflecting blocked projectiles, about 15% to evade the +4 trident of Chaos)
You reach to attack!
Donald blocks your attack.
Donald is almost dead.
The orc priest mumbles some strange prayers to Beogh against you.
Beogh smites you!
You feel a little less mighty now. Donald says, "I hate you, too."
Donald gestures wildly while chanting.
Donald seems to grow stronger.
Donald blocks your attack.
Donald is almost dead.
Donald hits you but does no damage. Donald blocks your attack.
Donald is almost dead.
Donald hits you with a +0 double sword!!!
The warg bites you. Donald blocks your attack.
You punch Donald.
Donald is almost dead.
Donald hits you with a +0 double sword!!!
You focus on the pain.
You feel your power returning. The warg barely misses you.
You hear a shout!
Donald blocks your attack.
Donald is almost dead.
Donald hits you with a +0 double sword!!!
You die...
Xom giggles madly!

....§....#.##......
..<.....o$.#.#....
.........o.......
.........o.).....
#..#.o.........##
.#.#.#........## #
####..o.....#
#>.h@.....#
###.@....<#
##...o..# ##.#..##
#...## ##.# ###


You could see Donald (fast, strong, reflecting), a warg, an orc warrior, 2 orc
priests, an orc wizard and 2 orcs.

Vanquished Creatures
  An orc warlord (Orc:1)
  A minotaur (Gauntlet)
  3 boulder beetles
  3 catoblepae (Lair:5)
  2 hydras
  A two-headed ogre (D:9)
  5 death yaks (Lair:5)
  A tengu warrior (Gauntlet)
  Sonja (D:11)
  A sun demon (D:9)
  An orc knight (D:11)
  3 orc sorcerers (Orc:1)
  A necromancer (Gauntlet)
  An ugly thing (D:11)
  4 cyclopes
  A will-o-the-wisp (Lair:3)
  A spectral centaur (Gauntlet)
  2 rust devils (D:9)
  13 elephants
  3 black mambas
  2 manticores
  2 gargoyles
  2 smoke demons (D:9)
  An orange demon (D:9)
  15 cane toads
  8 komodo dragons
  A kobold demonologist (D:12)
  4 rime drakes
  2 tengu conjurers (Gauntlet)
  2 red devils (D:9)
  4 trolls
  A queen bee (Lair:5)
  A hornet (D:10)
  A polar bear (Lair:5)
  10 blink frogs
  A vampire (D:9)
  49 yaks
  A wraith (D:10)
  2 wyverns
  Grum (D:9)
  4 basilisks
  A hog (Lair:3)
  2 fire bats (Lair:3)
  4 steam dragons
  2 chaos spawn (D:9)
  A neqoxec (D:9)
  A redback (Lair:5)
  3 wargs
  An acid dragon (D:11)
  2 large abominations (Gauntlet)
  4 small abominations (Gauntlet)
  10 water moccasins
  Pargi (Sewer)
  19 orc warriors
  A black bear (D:8)
  3 sky beasts
  10 ogres
  15 wolves
  3 centaurs
  A phantom (D:5)
  2 kobold brigands
  6 bullfrogs
  3 gnoll sergeants
  A scorpion (D:5)
  3 wights (D:7)
  9 killer bees
  An electric eel (Lair:3)
  6 howler monkeys
  6 quasits (D:9)
  6 jellies
  13 hounds
  15 orc priests
  6 gnoll boudas
  2 iguanas
  25 orc wizards
  33 gnolls
  3 adders
  3 shadow imps
  3 ufetubi
  3 worms
  2 dart slugs
  65 orcs
  5 ball pythons
  8 endoplasms
  4 giant cockroaches
  7 goblins
  A hobgoblin (D:4)
  6 jackals
  4 quokkas
  A bat (D:2)
  6 frilled lizards
  9 kobolds
  2 rats
516 creatures vanquished.

Vanquished Creatures (collateral kills)
  An elephant (Lair:4)
  A torpor snail (Lair:5)
  A black mamba (Lair:5)
  An ice devil (D:9)
  A fire bat (D:8)
  6 yaks
  An ogre (D:8)
12 creatures vanquished.

Vanquished Creatures (others)
  2 yaks
  A water moccasin (Lair:5)
  An orc (Orc:1)
  4 foxfires (Lair:3)
  16 fungi
  25 plants
49 creatures vanquished.

Grand Total: 577 creatures vanquished

Notes
Turn   | Place    | Note
-------+----------+-------------------------------------------
     0 | D:1      | ragingrage the Demonspawn Chaos Knight began the quest for
                  | the Orb.
     0 | D:1      | Reached XP level 1. HP: 18/18 MP: 1/1
     8 | D:1      | XOM: divination: detect creatures
    51 | D:1      | XOM: silly message
   422 | D:1      | Gained mutation: You are partially covered in slimy green
                  | scales. (AC +2) [demonic ancestry]
   422 | D:1      | Reached XP level 2. HP: 24/24 MP: 2/2
   682 | D:2      | XOM: potion effect (berserk rage)
   692 | D:2      | Gained mutation: You regenerate a little health from kills.
                  | [demonic ancestry]
   692 | D:2      | Reached XP level 3. HP: 29/29 MP: 3/3
   786 | D:2      | Found a faded altar of an unknown god.
  1241 | D:2      | You fall into a shaft and drop 2 floors!
  1241 | D:4      | Found a shimmering altar of Xom.
  1241 | D:4      | Found a shimmering altar of Xom.
  1241 | D:4      | Found a shimmering altar of Xom.
  1241 | D:4      | Found a shimmering altar of Xom.
  1241 | D:4      | Found a shimmering altar of Xom.
  1250 | D:4      | Identified the +4 trident of Chaos {vorpal, Fly rElec
                  | Dex+4}
  1318 | D:3      | Gained mutation: You are mostly covered in slimy green
                  | scales. (AC +3) [demonic ancestry]
  1318 | D:3      | Reached XP level 4. HP: 35/35 MP: 4/4
  1459 | D:3      | Found a glowing drain.
  1481 | Sewer    | Entered a sewer
  1525 | Sewer    | Noticed Pargi
  1529 | Sewer    | XOM: cast spell 'Statue Form'
  1535 | Sewer    | Killed Pargi
  1536 | Sewer    | Reached skill level 5 in Polearms
  1536 | Sewer    | Reached XP level 5. HP: 41/41 MP: 5/5
  1583 | Sewer    | XOM: silly message
  1908 | D:3      | Found a sacrificial altar of Ru.
  1981 | D:3      | Gained mutation: You have a pair of small antennae on your
                  | head. [demonic ancestry]
  1981 | D:3      | Reached XP level 6. HP: 32/47 MP: 6/6
  2278 | D:4      | XOM: divination: magic mapping
  2372 | D:4      | XOM: scenery: 1 doors open
  2458 | D:4      | You are sucked into a shaft and drop 3 floors!
  2497 | D:7      | XOM: cast spell 'Cause Fear'
  2502 | D:7      | Found Feudus's Assorted Antiques.
  2509 | D:7      | Bought a shiny ring mail for 196 gold pieces
  2525 | D:6      | Noticed an orc warrior
  2530 | D:7      | Killed an orc warrior
  2553 | D:6      | Gained mutation: You have a pair of antennae on your head.
                  | [demonic ancestry]
  2553 | D:6      | Reached XP level 7. HP: 52/52 MP: 7/7
  2628 | D:6      | Noticed a steam dragon
  2635 | D:6      | XOM: enchant monster (good)
  2639 | D:6      | Killed a steam dragon
  2651 | D:5      | Entered Level 5 of the Dungeon
  2677 | D:6      | XOM: god gift: staff of conjuration
  2806 | D:6      | XOM: blink monster(s)
  2889 | D:6      | Paralysed by an orc wizard for 5 turns
  2898 | D:6      | XOM: enchant monster (good)
  2902 | D:6      | Reached XP level 8. HP: 58/58 MP: 8/8
  3561 | D:5      | XOM: summons 3 friendly demons
  3614 | D:5      | Reached skill level 10 in Polearms
  3874 | D:5      | XOM: summons 1 hostile demon
  3957 | D:5      | XOM: scenery: create altars
  4290 | D:7      | XOM: confuse monster(s)
  4291 | D:7      | XOM: potion effect (experience)
  4291 | D:7      | Gained mutation: You regenerate health from kills. [demonic
                  | ancestry]
  4291 | D:7      | Reached XP level 9. HP: 63/63 MP: 9/9
  4296 | D:7      | Reached skill level 1 in Dodging
  4313 | D:7      | Found a staircase to the Ecumenical Temple.
  4729 | D:7      | Identified the +0 ring mail "Uxzofya" {rElec rCorr Str-2
                  | Int+7}
  4845 | D:8      | XOM: summons friendly crimson imp
  4851 | D:8      | Reached skill level 4 in Fighting
  4851 | D:8      | Reached XP level 10. HP: 48/71 MP: 10/10
  4854 | D:8      | Noticed a gargoyle
  4856 | D:8      | XOM: destruction
  4989 | D:8      | Found a sparkling altar of Nemelex Xobeh.
  5009 | D:8      | Found a basalt altar of Yredelemnul.
  5218 | D:8      | Reached skill level 5 in Fighting
  5250 | D:8      | Noticed a cyclops
  5252 | D:8      | XOM: cast spell 'Alistair's Intoxication'
  5287 | D:8      | Killed a cyclops
  5302 | D:8      | XOM: confuse monster(s)
  5507 | D:8      | Reached skill level 6 in Fighting
  5608 | D:8      | XOM: silly message
  5693 | D:8      | Found Timuig's Mayhem Merchandise.
  5693 | D:8      | XOM: enchant monster (bad)
  5789 | D:8      | XOM: cloud trail
  5797 | D:8      | XOM: summons 4 friendly demons
  5799 | D:8      | Killed a gargoyle
  5988 | D:8      | XOM: god gift: scroll labelled YNABRIEHENG {god gift}
  6146 | D:8      | XOM: divination: detect items
  6185 | D:8      | XOM: silly message
  6335 | D:8      | XOM: silly message
  6367 | D:9      | XOM: silly message
  6374 | D:9      | XOM: potion effect (brilliance)
  6383 | D:9      | XOM: potion effect (haste)
  6391 | D:9      | Gained mutation: You sometimes gain a little power by
                  | taking damage. [demonic ancestry]
  6391 | D:9      | Reached XP level 11. HP: 81/83 MP: 11/11
  6405 | D:9      | Reached skill level 7 in Fighting
  6443 | D:9      | XOM: silly message
  6485 | D:9      | XOM: potion effect (heal wounds)
  6486 | D:9      | XOM: potion effect (invisibility)
  6503 | D:9      | Noticed Grum
  6508 | D:9      | XOM: blink monster(s)
  6519 | D:9      | XOM: enchant monster (good)
  6567 | D:8      | XOM: confuse monster(s)
  6603 | D:8      | XOM: confusion (+ monsters)
  6620 | D:8      | XOM: draining
  6636 | D:8      | XOM: summons 2 hostile demons
  6643 | D:8      | XOM: blink monster(s)
  6814 | D:9      | Found Foudinee's Book Boutique.
  6822 | D:9      | XOM: polymorph wolf -> ogre
  6826 | D:9      | XOM: potion effect (invisibility)
  6828 | D:9      | XOM: summons friendly iron imp
  6839 | D:9      | Noticed a sun demon
  6843 | D:9      | XOM: potion effect (haste)
  6849 | D:9      | XOM: summons 4 friendly demons
  6853 | D:9      | XOM: divination: magic mapping
  6864 | D:9      | Killed a sun demon
  6865 | D:9      | Reached skill level 8 in Fighting
  6865 | D:9      | Reached skill level 5 in Armour
  6867 | D:9      | Killed Grum
  6874 | D:9      | XOM: fog
  6883 | D:9      | XOM: confusion (+ monsters)
  6888 | D:9      | XOM: fog
  6889 | D:9      | Reached skill level 9 in Fighting
  6933 | D:9      | XOM: polymorph centaur -> warg
  7026 | D:9      | Found a staircase to the Lair.
  7060 | D:9      | XOM: give mutations
  7060 | D:9      | Gained mutation: You are weak. (Str -2) [Xom's mischief]
  7060 | D:9      | Gained mutation: You are frail. (-10% HP) [Xom's mischief]
  7060 | D:9      | Gained mutation: You are clumsy. (Dex -2) [Xom's mischief]
  7064 | D:9      | XOM: confusion (+ monsters)
  7079 | D:9      | Reached skill level 10 in Fighting
  7103 | D:9      | Found a radiant altar of Vehumet.
  7127 | D:9      | XOM: summons 1 hostile demon
  7138 | D:9      | Reached skill level 1 in Evocations
  7188 | D:9      | XOM: give mutations
  7188 | D:9      | Gained mutation: You expend magic power (3 MP) to
                  | strengthen your wands. [Xom's mischief]
  7188 | D:9      | Lost mutation: You are frail. (-10% HP) [Xom's mischief]
  7188 | D:9      | Lost mutation: You are clumsy. (Dex -2) [Xom's mischief]
  7188 | D:9      | Gained mutation: Armour fits poorly on your strangely
                  | shaped body. [Xom's mischief]
  7206 | D:9      | Noticed a two-headed ogre
  7214 | D:9      | Killed a two-headed ogre
  7215 | D:9      | Reached skill level 1 in Throwing
  7255 | D:9      | XOM: give mutation
  7255 | D:9      | Gained mutation: You passively map a small area around you.
                  | [Xom's mischief]
  7278 | D:9      | XOM: noise
  7338 | D:10     | XOM: noise
  7338 | D:10     | Entered Level 10 of the Dungeon
  7379 | D:10     | XOM: give mutations
  7379 | D:10     | Gained mutation: Your body sometimes deteriorates upon
                  | taking damage. [Xom's mischief]
  7379 | D:10     | Lost mutation: Armour fits poorly on your strangely shaped
                  | body. [Xom's mischief]
  7379 | D:10     | Gained mutation: You are frail. (-10% HP) [Xom's mischief]
  7379 | D:10     | Lost mutation: You passively map a small area around you.
                  | [Xom's mischief]
  7409 | D:10     | XOM: chaos cloud
  7412 | D:10     | XOM: swap monsters
  7415 | D:10     | XOM: confusion
  7511 | D:10     | Found an ancient bone altar of Kikubaaqudgha.
  7553 | D:10     | XOM: summons friendly ufetubus
  7574 | D:10     | XOM: confusion (+ monsters)
  7591 | D:10     | XOM: polymorph yak -> hornet
  7653 | D:10     | Found a blossoming altar of Fedhas.
  7674 | D:10     | XOM: 4-stop teleportation journey
  7690 | D:10     | XOM: god gift: 26 gold pieces
  7990 | D:11     | Noticed an orc knight
  7990 | D:11     | Noticed an obsidian statue
  7990 | D:11     | Found a runed translucent gate.
  7990 | D:11     | Found a runed translucent gate.
  7990 | D:11     | Found a runed translucent gate.
  7990 | D:11     | Found an opulent altar of Gozag.
  7991 | D:11     | Noticed a deep troll earth mage
  7991 | D:11     | Noticed Valamore's ghost (journeyman DjFE)
  8012 | D:11     | XOM: cloud trail
  8120 | D:11     | Gained mutation: You regenerate a lot of health from kills.
                  | [demonic ancestry]
  8120 | D:11     | Reached XP level 12. HP: 75/88 MP: 12/12
  8264 | D:11     | Noticed Sonja
  8264 | D:11     | Noticed a six-headed hydra
  8266 | D:11     | XOM: fog
  8284 | D:11     | Killed a six-headed hydra
  8293 | D:11     | Killed Sonja
  8333 | D:11     | XOM: cloud trail
  8357 | D:11     | XOM: give mutations
  8357 | D:11     | Gained mutation: You have a pair of large antennae on your
                  | head. (SInv) [Xom's grace]
  8357 | D:11     | Gained mutation: You are somewhat resistant to further
                  | mutation. [Xom's grace]
  8357 | D:11     | Gained mutation: You have sharp fingernails. [Xom's grace]
  8357 | D:11     | Lost mutation: You are weak. (Str -2) [Xom's grace]
  8518 | D:11     | Reached skill level 11 in Fighting
  8577 | D:11     | XOM: 1-stop teleportation journey
  8622 | D:11     | XOM: god gift: 855 gold pieces
  8679 | D:11     | Found a sparkling altar of Nemelex Xobeh.
  8702 | D:11     | Found Kudox's Assorted Antiques.
  8703 | D:11     | XOM: god gift: wand of paralysis (6)
  8711 | D:11     | Bought a scroll of teleportation for 87 gold pieces
  8711 | D:11     | Bought a brass wand for 116 gold pieces
  8711 | D:11     | Bought an iron wand for 116 gold pieces
  8887 | D:11     | Found a staircase to the Orcish Mines.
  8984 | D:12     | XOM: confuse monster(s)
  9072 | D:12     | Noticed a boulder beetle
  9079 | D:12     | Noticed Rupert
  9079 | D:12     | XOM: 6-stop teleportation journey
  9113 | D:12     | Killed a boulder beetle
  9224 | Lair:1   | Entered Level 1 of the Lair of Beasts
  9244 | Lair:1   | XOM: god gift: scroll of fear
  9246 | Lair:1   | Identified a scroll of acquirement
  9247 | Lair:1   | Acquired the +2 cloak of Omission {Regen+ rCorr Int+3
                  | Stlth-}
  9454 | Lair:1   | XOM: 4-stop teleportation journey
  9564 | Lair:1   | XOM: 1-stop teleportation journey
  9690 | Lair:1   | Reached skill level 5 in Throwing
  9690 | Lair:1   | Reached skill level 5 in Evocations
  9711 | Lair:1   | XOM: destruction
 10055 | Lair:2   | XOM: god gift: 1041 gold pieces
 10106 | Lair:2   | XOM: noise
 10156 | Lair:2   | XOM: 1-stop teleportation journey
 10662 | Lair:3   | XOM: silly message
 10695 | Lair:3   | Found a staircase to the Snake Pit.
 10759 | Lair:3   | XOM: cleaving
 10776 | Lair:3   | XOM: divination: magic mapping
 10784 | Lair:3   | XOM: divination: detect items
 10832 | Lair:3   | Found a gate leading to a gauntlet.
 10836 | Lair:3   | Reached XP level 13. HP: 96/96 MP: 13/13
 10839 | Lair:3   | You are sucked into a shaft and drop 2 floors!
 10839 | Lair:5   | Entered Level 5 of the Lair of Beasts
 10887 | Lair:5   | XOM: cast spell 'Monstrous Menagerie'
 10936 | Lair:5   | Reached skill level 12 in Fighting
 10948 | Lair:4   | XOM: 2-stop teleportation journey
 10976 | Lair:3   | XOM: polymorph rime drake -> hog
 10994 | Lair:3   | XOM: confusion
 11022 | Gauntlet | Entered a Gauntlet
 11022 | Gauntlet | Found a transporter.
 11022 | Gauntlet | Found a runed translucent door.
 11024 | Gauntlet | Found a runed translucent door.
 11031 | Gauntlet | Found a transporter.
 11031 | Gauntlet | Found a transporter.
 11031 | Gauntlet | Found a transporter.
 11036 | Gauntlet | XOM: summons 1 friendly demon
 11041 | Gauntlet | XOM: cleaving
 11053 | Gauntlet | XOM: potion effect (invisibility)
 11072 | Gauntlet | Found a transporter.
 11072 | Gauntlet | Found a transporter.
 11072 | Gauntlet | Found a transporter.
 11125 | Gauntlet | XOM: fog
 11128 | Gauntlet | XOM: cleaving
 11137 | Gauntlet | Found a transporter.
 11137 | Gauntlet | Found a transporter.
 11137 | Gauntlet | Found a transporter.
 11143 | Gauntlet | Found a runed translucent door.
 11143 | Gauntlet | Found a runed translucent door.
 11150 | Gauntlet | Found a transporter.
 11151 | Gauntlet | Found a transporter.
 11151 | Gauntlet | Found a transporter.
 11229 | Gauntlet | Identified the amulet "Dexoahanuff" {Acrobat Fragile rPois
                  | rF+++ Will-}
 11229 | Gauntlet | Noticed a minotaur
 11255 | Gauntlet | Killed a minotaur
 11426 | Lair:3   | Found a staircase to the Swamp.
 11428 | Lair:3   | XOM: scenery: create altars
 11733 | Lair:3   | XOM: summons 7 hostile demons
 11743 | Lair:3   | XOM: summons 7 hostile demons
 12033 | Lair:4   | XOM: silly message
 12078 | Lair:4   | XOM: summons friendly quasit
 12102 | Lair:4   | XOM: potion effect (haste)
 12126 | Lair:4   | XOM: potion effect (haste)
 12130 | Lair:4   | XOM: potion effect (brilliance)
 12159 | Lair:4   | Found a staircase to the Slime Pits.
 12159 | Lair:4   | Found a viscous altar of Jiyva.
 12159 | Lair:4   | XOM: 5-stop teleportation journey
 12161 | Lair:4   | XOM: swap monsters
 12170 | Lair:4   | XOM: summons friendly crimson imp
 12179 | Lair:4   | XOM: polymorph crimson imp -> quasit
 12184 | Lair:4   | XOM: summons 2 friendly demons
 12333 | Lair:4   | XOM: cast spell 'Summon Horrible Things'
 12338 | Lair:4   | Reached skill level 13 in Fighting
 12532 | Lair:4   | XOM: enchant monster (good)
 12538 | Lair:4   | XOM: fog
 12695 | Lair:4   | XOM: give mutation
 12695 | Lair:4   | Gained mutation: You are somewhat resistant to both further
                  | mutation and mutation removal. [Xom's grace]
 12759 | Lair:5   | XOM: god gift: scroll of enchant armour
 12784 | Lair:5   | XOM: summons 11 friendly demons
 12818 | Lair:5   | XOM: snakes to sticks
 12891 | Lair:5   | Reached XP level 14. HP: 106/106 MP: 14/14
 12952 | Lair:5   | XOM: divination: magic mapping
 13095 | Lair:5   | XOM: summons 14 friendly demons
 13158 | Lair:5   | XOM: destruction
 13269 | Lair:5   | XOM: scenery: summon butterflies
 13405 | Lair:5   | XOM: scenery: create altars
 13425 | Lair:5   | XOM: scenery: create altars
 13427 | Lair:5   | XOM: summons friendly chaos spawn
 13457 | Lair:5   | XOM: fog
 13527 | Lair:5   | Reached skill level 14 in Fighting
 13584 | Lair:5   | XOM: divine lightning
 13585 | Lair:5   | XOM: polymorph manticore -> redback
 13607 | Lair:5   | XOM: blink monster(s)
 13646 | Lair:5   | XOM: confuse monster(s)
 13650 | Lair:5   | XOM: summons friendly iron imp
 13689 | Lair:5   | XOM: divination: detect items
 13963 | Orc:1    | Entered Level 1 of the Orcish Mines
 13992 | D:11     | XOM: smoke on damage
 14282 | Orc:1    | Found a runed translucent door.
 14282 | Orc:1    | XOM: 3-stop teleportation journey
 14283 | Orc:1    | Noticed an orc warlord
 14297 | Orc:1    | Killed an orc warlord
 14305 | Orc:1    | Reached skill level 15 in Fighting
 14379 | Orc:2    | Entered Level 2 of the Orcish Mines
 14379 | Orc:2    | Noticed Donald
 14379 | Orc:2    | Found a staircase to the Elven Halls.
 14385 | Orc:2    | XOM: swap monsters
 14388 | Orc:2    | XOM: repel stairs
 14391 | Orc:2    | XOM: blink monster(s)
 14397 | Orc:2    | Slain by Donald

Illustrated notes

Levels and vault maps discovered:
D:1:      sevenhm_arrival_forest_fort_large_3, layout_basic
D:2:      layout_basic, basic_ecumenical_altar
D:3:      layout_basic, lemuel_tele_altar, cheibrodos_sewer_entry_bend
D:4:      layout_basic, xom_redecorated, chequers_serial_rivers_micro_d,
          hangedman_abyss_or_decor_passed
D:5:      layout_basic
D:6:      layout_basic
D:7:      minmay_general_purpose_star, layout_loops_ring,
          minmay_temple_entry_gardened_gates, serial_shops,
          nicolae_shop_overgrown_old_shop
D:8:      lemuel_castle_with_subvaults [lemuel_castle_interior_original],
          layout_loops_corners, grunt_temple_overflow_open,
          kennysheep_nondescript, minmay_shop_mayhem
D:9:      layout_big_octagon, lemuel_coloured_pillars_altar, serial_shops, shop,
          serial_demonic, serial_demonic_d, serial_demonic_e, serial_demonic_c,
          serial_demonic_d, serial_demonic_a, serial_demonic_a,
          minmay_misc_feat_nine_boxes, st_stairs_6, uniq_grum
D:10:     layout_rooms, mainiacjoe_overflow_tiny_flanked,
          nicolae_overflow_hidden_temple
D:11:     layout_roguey, hiddenorc1_lemuel, serial_shops, shop,
          ebering_ghost_gozag, nemelex_xobeh_ov_fountains_minmay, uniq_sonja
D:12:     layout_roguey, uniq_rupert
Lair:1:   layout_regular_city, chequers_serial_rivers_marsh,
          serial_bayou_shore_b, infiniplex_staircase_pool_2, grunt_megastairs_4
Lair:2:   layout_loops_ring
Lair:3:   layout_gridlike, minmay_swamp_entry_wisps, dummy_snake_entry,
          gauntlet_entry_generic, minmay_stone_trees_small
Lair:4:   layout_long_grid, nicolae_slime_entry_slimehenge
Lair:5:   evilmike_catoblepas_cave, layout_small_grid, lemuel_fruit_fields
Orc:1:    dreamdust_dug_too_deep, layout_caves, nicolae_orc_rockfall
Orc:2:    st_orc_open, layout_diamond_mine, uniq_donald, uniq_erolcha

Skill      XL: |  1  2  3  4  5  6  7  8  9 10 11 12 13 14 |
---------------+-------------------------------------------+-----
Polearms       | 3 4 5 6 7 9 14 | 14.6
Dodging        | 1 3 4 |  4.0
Armour         | 2 4 5 6 8 9 |  9.0
Fighting       | 4 6 10 11 13 15 | 15.0
Evocations     | 3 5 8 9 |  9.0
Throwing       | 2 5 6 |  6.0

Action                   |  1- 3 |  4- 6 |  7- 9 | 10-12 | 13-15 || total
-------------------------+-------+-------+-------+-------+-------++-------
Melee: Spear             |    73 |       |       |       |       ||    73
       Trident           |     5 |    79 |   175 |   742 |   718 ||  1719
       Punch             |       |       |       |     8 |    12 ||    20
Throw: Dart              |       |       |       |     9 |     9 ||    18
       Throwing net      |       |       |       |     1 |     2 ||     3
Evoke: Wand              |       |     1 |       |     5 |     2 ||     8
       Piece from Xom's  |       |       |     1 |     3 |       ||     4
       Tin of tremorston |       |       |       |       |     2 ||     2
  Use: Potion            |       |     2 |     1 |     8 |     3 ||    14
       Scroll            |       |     2 |       |    22 |     4 ||    28
 Stab: Sleeping          |     2 |     2 |       |       |       ||     4
       Paralysed         |     2 |       |       |     1 |       ||     3
       Distracted        |       |     1 |       |       |     4 ||     5
       Fleeing           |       |     1 |       |       |       ||     1
       Confused          |       |       |     1 |       |       ||     1
       Invisible         |       |       |       |    14 |     6 ||    20
       Held in net/web   |       |       |       |       |     3 ||     3
       Petrified         |       |       |       |       |     7 ||     7
       Petrifying        |       |       |       |       |     1 ||     1
Armor: Leather armour    |    28 |     8 |       |       |       ||    36
       Skin              |       |     7 |    58 |    11 |       ||    76
       Ring mail         |       |     7 |    37 |   158 |   208 ||   410
       Acid dragon scale |       |       |       |     7 |       ||     7
Dodge: Dodged            |    40 |    19 |    49 |   261 |   286 ||   655

Table legend: (Time is in decaauts)
 A = Elapsed time spent in this place.
 B = Non-inter-level travel time spent in this place.
 C = Inter-level travel time spent in this place.
 D = Time resting spent in this place.
 E = Time spent auto-exploring this place.
 F = Levels seen in this place.
 G = Mean time per level.
                   A        B        C        D        E       F      G
               +--------+--------+--------+--------+--------+-----+--------+
         Total |  13741 |  12780 |    961 |    161 |   9258 |  21 |  654.3 |
       Dungeon |   8818 |   8110 |    708 |    123 |   6059 |  12 |  734.8 |
          Lair |   4062 |   3813 |    249 |     21 |   2764 |   5 |  812.4 |
  Orcish Mines |    355 |    351 |      4 |      0 |    264 |   2 |  177.5 |
         Sewer |    234 |    234 |      0 |      0 |    156 |   1 |  234.0 |
      Gauntlet |    270 |    270 |      0 |     17 |     14 |   1 |  270.0 |
               +--------+--------+--------+--------+--------+-----+--------+

Top non-repeatable levels by time:
     D:8: 1524 daAuts
  Lair:5: 1054 daAuts
    D:11: 990 daAuts
  Lair:3: 891 daAuts
     D:7: 801 daAuts
  Lair:1: 741 daAuts
     D:4: 734 daAuts
  Lair:4: 706 daAuts
     D:9: 692 daAuts
     D:5: 681 daAuts
  Lair:2: 669 daAuts
    D:10: 665 daAuts
     D:1: 665 daAuts
     D:3: 652 daAuts
     D:6: 619 daAuts
